 Dungeon Crawl Stone Soup version 0.26.1-11-gd32895ea62 (webtiles) character file.

Game seed: 12157524817023973737

37 Descartes the Sneak (level 3, -1/15 HPs)
             Began as a Felid Transmuter on July 8, 2021.
             Was an Initiate of Elyvilon.
             Killed by divine providence
             ... invoked by an orc priest
              (13 damage)
             ... on level 2 of the Dungeon.
             The game lasted 00:04:43 (3030 turns).

Descartes the Sneak (Felid Transmuter)              Turns: 3030, Time: 00:04:44

Health: -1/15      AC:  1    Str:  7    XL:     3   Next: 23%
Magic:  7/7        EV: 19    Int: 14    God:    Elyvilon [......]
Gold:   87         SH:  0    Dex: 16    Spells: 5/6 levels left
                                        Lives:  0   Deaths: 1

rFire    . . .     SeeInvis +     - Unarmed
rCold    . . .     Faith    .   (shield unavailable)
rNeg     . . .     Spirit   .   (armour unavailable)
rPois    .         Reflect  .   (helmet unavailable)
rElec    .         Harm     .   (cloak unavailable)
rCorr    .         Rampage  .   (gloves unavailable)
Will     .....                  (boots unavailable)
Stlth    +++.......             (no amulet)
HPRegen  0.05/turn              (no ring)
MPRegen  0.10/turn              (no ring)

@: very slightly contaminated, quick
A: very small, no armour, no weapons or thrown items, stealth, claws 1, fangs 3,
see invisible, speed 1, shaggy fur 1, sharp paws
a: Renounce Religion


You were on level 2 of the Dungeon.
You worshipped Elyvilon.
Elyvilon was noncommittal.
You visited 1 branch of the dungeon, and saw 3 of its levels.

You collected 87 gold pieces.

Inventory:

Scrolls
 e - 2 scrolls of remove curse {unknown}
 f - 2 scrolls of identify {unknown}
 h - a scroll of enchant armour {unknown}
 j - 5 scrolls of teleportation {unknown}
 k - a scroll of magic mapping {unknown}
 l - a scroll of immolation {unknown}
 m - a scroll of blinking {unknown}
Potions
 a - a potion of haste {unknown}
 b - 2 potions of degeneration {unknown}
 c - a potion of cancellation {unknown}
 d - a potion of ambrosia {unknown}
 g - a potion of lignification {unknown}
 i - a potion of curing {unknown}


   Skills:
 - Level 1.0 Fighting
 + Level 3.8 Dodging
 - Level 5.0 Stealth
 - Level 3.0 Unarmed Combat
 - Level 2.0 Spellcasting
 - Level 2.1 Transmutations


You had 5 spell levels left.
You knew the following spells:

 Your Spells              Type           Power        Failure   Level
a - Beastly Appendage     Tmut           14%          10%         1

Your spell library contained the following spells:

 Spells                   Type           Power        Failure   Level
 Wereblood                Tmut           7%           14%         2
 Spider Form              Tmut/Pois      2%           41%         3
 Ice Form                 Ice/Tmut       4%           83%         4
 Blade Hands              Tmut           3%           95%         5


Dungeon Overview and Level Annotations

Branches:
Dungeon (3/15)

Altars:
Elyvilon


Innate Abilities, Weirdness & Mutations

You cannot wear armour.
You are incapable of wielding weapons or throwing items.
Your paws allow you to move quietly. (Stealth)
You have sharp claws.
You have razor-sharp teeth.
You have supernaturally acute eyesight. (SInv)
You cover ground quickly.
You are covered in fur. (AC +1)
Your sharp claws are effective at attacking unaware monsters.


Message History

Casting: Beastly Appendage (safe; 10% risk of failure)
Confirm with . or Enter, or press ? or * to list all spells.
You miscast Beastly Appendage.
You are very lightly contaminated with residual magic.
Nothing appears to happen.
You closely miss the orc priest.
The orc priest is severely wounded.
The orc priest hits you with a +0 club.
You scratch the orc priest but do no damage.
The orc priest is severely wounded.
The orc priest barely misses you.
You barely miss the orc priest.
The orc priest is severely wounded.
The orc priest casts a cantrip, but nothing happens.
You scratch the orc priest but do no damage.
The orc priest is severely wounded.
The orc priest calls down the wrath of Beogh upon you.
Beogh smites you!
Ouch! That really hurt!
You die...

.(....##### ......#
################ ......#
#..............# ......#
#..............# ......#
#..............# ......#
#..............# ......#
#..............# ......#
#..............#
......#####.....@..).....#
................o.>......#
......#####..............#
......# ########.#######
......# ########.###
......#####..........#
.....................#
.........##..........#####
.........##..............#


You could see an orc priest.

Vanquished Creatures
  A gnoll (D:2)
  An adder (D:2)
  An ooze (D:2)
  A worm (D:2)
  2 dart slugs
  2 leopard geckos
  An orc (D:3)
  A ball python (D:1)
  2 giant cockroaches
  8 goblins
  8 hobgoblins
  3 jackals (D:2)
  10 bats
  2 frilled lizards (D:1)
  2 kobolds (D:1)
  5 rats
50 creatures vanquished.

Notes
Turn   | Place    | Note
-------+----------+-------------------------------------------
     0 | D:1      | Descartes the Felid Transmuter began the quest for the Orb.
     0 | D:1      | Reached XP level 1. HP: 9/9 MP: 4/4
    53 | D:1      | Reached skill level 1 in Stealth
    62 | D:1      | Reached skill level 2 in Stealth
   279 | D:1      | Reached XP level 2. HP: 12/12 MP: 4/6
   327 | D:1      | Reached skill level 3 in Stealth
   978 | D:1      | Reached skill level 4 in Stealth
  1037 | D:1      | Reached XP level 3. HP: 11/15 MP: 5/7
  1710 | D:2      | Found a white marble altar of Elyvilon.
  1814 | D:2      | Became a worshipper of Elyvilon the Healer
  2435 | D:2      | Reached skill level 5 in Stealth
  2698 | D:2      | Reached XP level 4. HP: 19/19 MP: 6/8
  2757 | D:2      | Found a white marble altar of Elyvilon.
  3010 | D:2      | Mangled by an orc priest
  3011 | D:2      | Reached XP level 3. HP: -7/15 MP: 7/7
  3030 | D:2      | Killed from afar by an orc priest

Illustrated notes

Levels and vault maps discovered:
D:1:      erik_arrival_triangle_medium, layout_rooms
D:2:      layout_basic, lemuel_coloured_pillars_altar, elyvilon_altar_4
D:3:      layout_basic

Skill      XL: |  1  2  3 |
---------------+----------+-----
Stealth        | 2 4 5 |  5.0
Dodging        | 3 |  3.8
Fighting       | |  1.0
Unarmed Combat | |  3.0
Spellcasting   | |  2.0
Transmutations | |  2.1

Action                   |  1- 3 |  4- 6 || total
-------------------------+-------+-------++-------
Melee: Unarmed           |   136 |    30 ||   166
       Bite              |     7 |     4 ||    11
       Headbutt          |    16 |     5 ||    21
       Punch             |       |     1 ||     1
 Cast: Beastly Appendage |    33 |     5 ||    38
 Stab: Sleeping          |     8 |       ||     8
Armor: Skin              |     9 |       ||     9
Dodge: Dodged            |   106 |    15 ||   121
